 Dungeon Crawl Stone Soup version 0.28-a0-79-g444c7a33f5 (webtiles) character file.

Game seed: 16175022709772383532

11 siradein the Caller (level 2, -1/19 HPs)
             Began as a Vampire Summoner on Aug 3, 2021.
             Slain by a jackal (2 damage)
             ... on level 1 of the Dungeon.
             The game lasted 00:02:00 (382 turns).

siradein the Caller (Vampire Summoner)               Turns: 382, Time: 00:02:01

Health: -1/19      AC:  3    Str:  7    XL:     2   Next: 17%
Magic:  5/5        EV: 12    Int: 17    God:
Gold:   0          SH:  0    Dex: 14    Spells: 4/5 levels left

rFire   . . .      SeeInvis +   (no weapon)
rCold   . . .      Faith    .   (no shield)
rNeg    . . .      Spirit   .   a - +0 robe
rPois   .          Reflect  .   (no helmet)
rElec   .          Harm     .   (no cloak)
rCorr   .          Rampage  .   b - +0 pair of gloves
Will    .....                   (no boots)
Stlth   ++........              (no amulet)
HPRegen 0.26/turn               (no ring)
MPRegen 0.09/turn               (no ring)

@: healing quickly
A: alive, fangs 3, see invisible, vampiric 1
a: Exsanguinate


You were on level 1 of the Dungeon.
You visited 1 branch of the dungeon, and saw 1 of its levels.

Inventory:

Armour
 a - a +0 robe (worn)
 b - a +0 pair of gloves (worn)
Scrolls
 c - a scroll of amnesia {unknown}


   Skills:
 - Level 2.1 Dodging
 - Level 3.0 Stealth
 + Level 2.4 Spellcasting
 + Level 4.2 Summonings


You had 4 spell levels left.
You knew the following spells:

 Your Spells              Type           Power      Damage    Failure   Level
a - Summon Small Mammal   Summ           64%        N/A       3%          1

Your spell library contained the following spells:

 Spells                   Type           Power      Damage    Failure   Level
 Call Imp                 Summ           16%        N/A       4%          2
 Call Canine Familiar     Summ           16%        N/A       10%         3
 Summon Guardian Golem    Hex/Summ       9%         N/A       24%         3
 Summon Lightning Spire   Summ/Air       9%         N/A       61%         4


Dungeon Overview and Level Annotations

Branches:
Dungeon (1/15)

Altars:


Innate Abilities, Weirdness & Mutations

Your natural rate of healing is accelerated.
You have razor-sharp teeth.
You have supernaturally acute eyesight. (SInv)
You are afflicted with vampirism.


Message History

You hit the jackal but do no damage.
The jackal is heavily wounded.
The jackal bites you but does no damage.
The jackal barely misses you.
You hit the jackal.
The jackal is severely wounded.
The jackal bites you but does no damage.
You barely miss the jackal.
The jackal is severely wounded.
The jackal bites you.
* * * LOW HITPOINT WARNING * * *
You hit the jackal but do no damage.
The jackal is severely wounded.
The jackal bites you.
* * * LOW HITPOINT WARNING * * *
The jackal barely misses you.
You hit the jackal.
You kill the jackal!
You barely miss the jackal. The jackal barely misses you.
You barely miss the jackal.
The jackal bites you but does no damage.
The jackal bites you.
* * * LOW HITPOINT WARNING * * *
You hit the jackal but do no damage.
The jackal bites you but does no damage.
You barely miss the jackal. The jackal closely misses you. x2
You miss the jackal. Your bite misses the jackal. The jackal barely misses you.
You hit the jackal.
The jackal is lightly wounded.
The jackal barely misses you.
You closely miss the jackal.
The jackal is lightly wounded.
The jackal bites you.
* * * LOW HITPOINT WARNING * * *
The jackal bites you.
* * * LOW HITPOINT WARNING * * *
You hit the jackal but do no damage.
The jackal is lightly wounded.
The jackal bites you.
You die...

#####♣...♣#
....#P♣.♣P#
.##.##P.P###
.##.#P#<#P#..
.##.##.♣.###.# ##
.....#♣#♣# ..# #.#
##.###### .#.# #.#
....# #.# .##.#h#
##..# #.# ##.# #@#
#..# #.# #.. #.#
#..###.# #.# #.#
#...##.###.####†#
#.###......†.....#
.# ##†.....####.#
# ##.##..# #>#
#g†#..## #.# ###
###.>....# #.#


You could see a jackal.

Vanquished Creatures
  An endoplasm (D:1)
  3 jackals (D:1)
  2 rats (D:1)
6 creatures vanquished.

Vanquished Creatures (collateral kills)
  2 bats (D:1)
  An endoplasm (D:1)
  2 hobgoblins (D:1)
  A jackal (D:1)
  A frilled lizard (D:1)
  A rat (D:1)
8 creatures vanquished.

Grand Total: 14 creatures vanquished

Notes
Turn   | Place    | Note
-------+----------+-------------------------------------------
     0 | D:1      | siradein the Vampire Summoner began the quest for the Orb.
     0 | D:1      | Reached XP level 1. HP: 13/13 MP: 3/3
   257 | D:1      | Reached XP level 2. HP: 17/19 MP: 5/5
   382 | D:1      | Slain by a jackal

Illustrated notes

Levels and vault maps discovered:
D:1:      tarquinn_simple_flora_water_d, layout_loops_ring, serial_shops,
          nicolae_shop_waterfront, shop, dilly_ecumenical_altar_fadedgnrine,
          serial_glass, glass_columns_b, glass_columns_a, glass_columns_b,
          glass_columns_a, chequers_jeans, minmay_misc_feat_alley

Action                   || total
-------------------------++-------
Melee: Unarmed           ||   135
       Bite              ||     2
 Cast: Summon Small Mamm ||     9
Armor: Robe              ||    48
Dodge: Dodged            ||   155

Table legend: (Time is in decaauts)
 A = Elapsed time spent in this place.
 B = Non-inter-level travel time spent in this place.
 C = Inter-level travel time spent in this place.
 D = Time resting spent in this place.
 E = Time spent auto-exploring this place.
 F = Levels seen in this place.
 G = Mean time per level.
                   A        B        C        D        E       F      G
               +--------+--------+--------+--------+--------+-----+--------+
         Total |    382 |    382 |      0 |      0 |    124 |   1 |  382.0 |
       Dungeon |    382 |    382 |      0 |      0 |    124 |   1 |  382.0 |
               +--------+--------+--------+--------+--------+-----+--------+

Top non-repeatable levels by time:
     D:1: 382 daAuts
